Map: Newkirk Precinct TE (Void)

Players

MygraiN - Winner!

  • Race: Protoss Protoss
  • League: Grandmaster
  • Spawn Location: 7:00

Jason

  • Race: Terran Terran
  • League: Grandmaster
  • Spawn Location: 5:00

VOD

Have the link to the VOD?

Description

Time

  • Played on: Dec. 29, 2016, 8:03 p.m.
  • Length: 12:50
Show
View Real Time Build Order
Export as new Build Order

MygraiN Protoss - Winner!

Build Orders: Oracle Opening 

Get SALT Encoding   

  12  0:01  Probe (Chrono Boost)  
  13  0:11  Probe (Chrono Boost)  
  14  0:19  Pylon  
  14  0:22  Probe (Chrono Boost)  
  15  0:37  Probe (Chrono Boost)  
  15  0:40  Gateway  
  16  0:44  Assimilator  
  16  0:47  Probe (Chrono Boost)  
  17  0:53  Assimilator  
  17  0:58  Probe (Chrono Boost)  
  18  1:07  Pylon  
  18  1:08  Probe (Chrono Boost)  
  19  1:19  Probe (Chrono Boost)  
  20  1:28  Cybernetics Core  
  20  1:29  Probe (Chrono Boost)  
  21  1:36  Zealot  
  23  1:40  Probe (Chrono Boost)  
  24  1:51  Probe (Chrono Boost)  
  25  2:02  Probe (Chrono Boost)  
  26  2:13  Mothership Core (Chrono Boost)  
  28  2:16  Adept  
  28  2:22  Stargate  
  30  2:32  Probe (Chrono Boost)  
  31  2:47  Nexus  
  31  2:52  Pylon  
  31  2:58  Warp Gate  
  31  3:08  Oracle  
  31  3:10  Probe (Chrono Boost)  
  33  3:21  Probe (Chrono Boost)  
  33  3:25  Twilight Council  
  34  3:28  Adept  
  34  3:33  Probe (Chrono Boost)  
  37  3:40  Pylon  
  37  3:44  Probe (Chrono Boost)  
  38  3:54  Probe (Chrono Boost)  
  39  4:00  Gateway  
  39  4:02  Gateway  
  39  4:06  Probe (Chrono Boost)  
  40  4:10  Probe (Chrono Boost)  
  40  4:11  Blink  
  41  4:27  Probe (Chrono Boost)  
  41  4:29  Probe (Chrono Boost)  
  43  4:36  Robotics Facility  
  43  4:38  Probe (Chrono Boost)  
  44  4:41  Probe (Chrono Boost)  
  45  4:48  Probe (Chrono Boost)  
  47  4:53  Probe (Chrono Boost)  
  47  4:57  Assimilator  
  47  4:59  Probe (Chrono Boost)  
  48  5:00  Stalker x2  
  48  5:01  Stalker  
  48  5:05  Probe (Chrono Boost)  
  48  5:06  Pylon  
  55  5:10  Probe (Chrono Boost)  
  56  5:14  Pylon  
  56  5:17  Probe (Chrono Boost)  
  56  5:20  Warp Prism, Probe (Chrono Boost)  
  58  5:22  Pylon  
  60  5:33  Stalker  
  60  5:34  Stalker  
  64  5:39  Probe x2 (Chrono Boost)  
  64  5:41  Stalker  
  68  5:49  Assimilator  
  70  5:51  Probe x2 (Chrono Boost), Pylon  
  70  5:59  Stalker  
  70  6:01  Stalker  
  76  6:05  Probe (Chrono Boost)  
  76  6:06  Probe (Chrono Boost)  
  76  6:19  Stalker  
  76  6:22  Probe (Chrono Boost), Pylon  
  76  6:24  Stalker  
  76  6:25  Stalker  
  83  6:34  Probe (Chrono Boost)  
  83  6:35  Probe (Chrono Boost)  
  83  6:38  Robotics Bay  
  85  6:40  Immortal  
  85  6:43  Adept  
  89  6:57  Adept x2  
  89  7:00  Nexus  
  91  7:18  Stalker x2  
  91  7:21  Colossus  
  90  7:26  Probe (Chrono Boost), Extended Thermal Lance  
  93  7:37  Sentry  
  93  7:40  Gateway  
  93  7:42  Gateway  
  95  7:44  Gateway  
  95  7:47  Pylon  
  95  7:54  Pylon  
  95  7:56  Pylon  
  95  8:02  Resonating Glaives  
  95  8:08  Stalker x3  
  101  8:28  Probe (Chrono Boost)  
  101  8:29  Probe x2 (Chrono Boost)  
  101  8:34  Stalker x3  
  111  8:41  Probe (Chrono Boost)  
  111  8:45  Colossus  
  119  8:55  Probe x2 (Chrono Boost), Forge  
  119  9:11  Adept x6  
  131  9:28  Probe (Chrono Boost), Forge  
  131  9:29  Probe x2 (Chrono Boost)  
  131  9:31  Protoss Ground Weapons Level 1, Pylon  
  134  9:35  Colossus  
  140  9:47  Protoss Ground Armor Level 1  
  140  10:01  Stalker x3  
  140  10:06  Assimilator  
  147  10:07  Probe (Chrono Boost), Pylon  
  147  10:10  Assimilator  
  147  10:14  Adept  
  147  10:15  Pylon  
  149  10:29  Colossus  
  149  10:30  Adept  
  157  10:37  Templar Archives  
  157  10:40  Adept x3  
  163  10:53  Pylon  
  163  10:54  Probe x2 (Chrono Boost)  
  165  10:57  Photon Cannon  
  165  10:59  Photon Cannon  
  165  11:00  Photon Cannon  
  165  11:09  Psionic Storm  
  165  11:17  Pylon  
  165  11:19  High Templar x3  
  171  11:35  Adept x2, Colossus  
  171  11:55  Adept x2  
  171  11:56  Adept x3  
  171  12:00  Nexus  
  181  12:02  Assimilator  
  181  12:07  Assimilator  
  177  12:40  Archon  
  149  12:44  Adept x3  
  149  12:45  Adept x3  
Show
View Real Time Build Order
Export as new Build Order

Jason Terran 

Build Orders:  

Get SALT Encoding   

  12  0:00  SCV  
  13  0:13  SCV  
  14  0:17  Supply Depot  
  14  0:25  SCV  
  15  0:39  SCV  
  15  0:41  Barracks  
  16  0:44  Refinery  
  16  0:51  SCV  
  17  1:03  SCV  
  18  1:15  SCV  
  19  1:28  Orbital Command  
  20  1:35  Marine  
  20  1:48  Command Center  
  20  1:54  Barracks Reactor  
  20  1:55  SCV  
  21  2:03  Supply Depot  
  21  2:08  SCV  
  21  2:14  Bunker  
  22  2:19  Engineering Bay  
  21  2:24  SCV  
  22  2:30  Marine x2  
  24  2:38  SCV  
  24  2:41  Factory  
  25  2:49  Missile Turret  
  25  2:51  Marine  
  25  2:54  Marine  
  25  2:56  SCV  
  28  3:04  Refinery  
  29  3:08  Orbital Command  
  29  3:12  Marine  
  28  3:21  SCV  
  28  3:22  Marine  
  28  3:26  Cyclone  
  33  3:33  Starport  
  33  3:39  SCV  
  33  3:40  Marine  
  35  3:45  Marine  
  35  3:46  SCV  
  37  3:51  SCV, Supply Depot  
  38  4:01  Widow Mine, Factory Tech Lab  
  40  4:03  SCV  
  40  4:04  SCV  
  40  4:07  Supply Depot  
  42  4:14  Marine x2  
  44  4:23  Medivac  
  43  4:26  Missile Turret  
  43  4:27  SCV x2  
  45  4:33  Widow Mine  
  45  4:35  Marine  
  48  4:39  SCV  
  48  4:40  SCV  
  50  4:45  Supply Depot  
  50  4:51  SCV  
  50  4:52  Marine, SCV  
  53  4:58  Medivac  
  55  5:00  Marine  
  55  5:03  SCV  
  55  5:04  SCV  
  55  5:06  Widow Mine  
  60  5:13  Barracks  
  60  5:15  Liberator, SCV  
  60  5:18  Marine  
  62  5:21  SCV  
  62  5:24  Terran Infantry Weapons Level 1  
  62  5:26  Supply Depot  
  62  5:27  SCV  
  64  5:33  SCV  
  68  5:39  SCV  
  69  5:44  Supply Depot  
  69  5:45  SCV, Supply Depot  
  69  5:46  Factory Tech Lab  
  69  5:47  Marine x2  
  72  5:53  Barracks, SCV  
  72  5:54  Supply Depot  
  73  6:05  SCV  
  73  6:09  Marine x2  
  75  6:17  Barracks Tech Lab  
  66  6:19  Supply Depot  
  66  6:20  Command Center  
  66  6:24  SCV  
  67  6:25  Starport Reactor  
  67  6:31  Barracks  
  61  6:34  Barracks  
  61  6:35  Factory Reactor  
  61  6:36  Marine x2  
  61  6:37  Marauder  
  65  6:42  SCV  
  66  6:56  Marine  
  67  7:02  Marine  
  67  7:03  Marine x2  
  67  7:06  SCV  
  71  7:09  Medivac  
  71  7:10  Medivac  
  71  7:13  Refinery x2  
  75  7:22  Marauder, Marine x2  
  76  7:23  Marine  
  76  7:26  Marine  
  76  7:27  SCV  
  82  7:30  SCV  
  79  7:38  Concussive Shells  
  79  7:40  SCV, Marine  
  79  7:43  Marauder  
  82  7:46  Supply Depot  
  82  7:47  Marauder, Marine  
  82  7:48  Widow Mine  
  87  7:53  Marine x2  
  87  7:54  SCV  
  87  7:55  SCV  
  87  7:58  Marine  
  92  8:04  Marauder  
  92  8:05  Marine  
  94  8:06  SCV  
  94  8:09  Marauder  
  94  8:10  Sensor Tower, Marine  
  94  8:11  Orbital Command  
  99  8:13  Barracks Tech Lab  
  99  8:14  SCV  
  100  8:22  Stimpack  
  100  8:23  Marine  
  100  8:24  SCV  
  102  8:27  SCV  
  102  8:29  Missile Turret  
  102  8:30  Missile Turret  
  102  8:32  Marine x2  
  102  8:33  Marauder  
  107  8:36  SCV  
  107  8:40  Marine  
  107  8:41  Marine  
  110  8:46  Orbital Command  
  107  8:50  Marine x2, SCV  
  107  8:51  SCV  
  107  8:52  Widow Mine  
  107  8:54  Marauder  
  116  8:55  Barracks Tech Lab  
  116  8:56  Combat Shields  
  116  8:57  Barracks Reactor  
  116  9:02  SCV  
  115  9:05  Marine  
  115  9:07  Marine  
  115  9:08  Marine  
  120  9:11  Viking  
  120  9:12  SCV x2, Viking  
  120  9:16  Marauder  
  124  9:21  Supply Depot x2  
  124  9:22  Marine  
  124  9:23  SCV, Marine  
  127  9:30  Marine  
  127  9:31  Marauder  
  130  9:34  Marine x2  
  130  9:37  Marine  
  133  9:42  Widow Mine, Marine  
  136  9:46  Starport  
  136  9:48  Marine  
  136  9:49  Supply Depot  
  136  9:50  Supply Depot  
  136  9:51  SCV x2  
  136  9:52  SCV  
  140  9:54  Marine  
  140  9:57  Terran Infantry Armor Level 1  
  141  10:02  Marine  
  141  10:03  SCV x2  
  141  10:04  SCV, Viking  
  145  10:09  Viking  
  147  10:14  Marine  
  147  10:15  SCV  
  149  10:25  Marauder x2, Marine x2, Factory Reactor  
  155  10:36  Viking  
  155  10:38  Viking x2  
  155  10:39  Viking  
  163  10:43  Supply Depot  
  163  10:44  Supply Depot  
  163  10:50  Marine x2  
  163  10:54  Supply Depot  
  163  10:56  Supply Depot  
  165  11:00  Engineering Bay  
  165  11:01  Armory  
  165  11:05  Marauder x2  
  165  11:06  Widow Mine x2  
  165  11:07  Marine x2  
  165  11:08  Marauder  
  165  11:10  Refinery  
  175  11:15  Marine  
  176  11:18  Medivac  
  176  11:19  Medivac  
  180  11:27  Marauder  
  180  11:28  Marine  
  182  11:33  Marine x3  
  182  11:34  Marauder x2  
  182  11:37  SCV  
  189  11:46  Missile Turret  
  189  11:47  Missile Turret x2, SCV x2  
  186  11:48  Missile Turret  
  186  11:49  SCV  
  189  11:59  SCV x2  
  191  12:03  Marine x2  
  191  12:04  Marauder x2  
  191  12:07  Marine x2  
  197  12:15  Supply Depot  
  197  12:16  Supply Depot  
  197  12:23  Ghost Academy, Marine  
  197  12:24  Marauder  
  192  12:31  SCV  
Tags
 
Add a new tag
Caveats
  • Supply blocks, unpowered buildings, or Contaminate may cause inaccurate times.
  • Supply counts are checked every 10 seconds.